 Dungeon Crawl Stone Soup version 0.23.3-3-gaaff5abdbf (webtiles) character file.

Game seed: 5790558460662966733

14313 MordorOrchid the Nimble (level 12, -3/96 HPs)
             Began as an Octopode Transmuter on May 28, 2020.
             Was a High Priest of Cheibriados.
             Slain by a wolf (7 damage)
             ... on level 1 of the Lair of Beasts.
             The game lasted 00:40:59 (11971 turns).

MordorOrchid the Nimble (Octopode Transmuter)      Turns: 11971, Time: 00:40:59

Health: -3/96      AC:  8    Str: 26    XL:     12   Next: 15%
Magic:  20/24      EV: 19    Int: 33    God:    Cheibriados [*****.]
Gold:   746        SH:  0    Dex: 26    Spells: 17/27 levels left

rFire    x . .     SeeInvis +     - Unarmed
rCold    + + +     Gourm    .   (shield currently unavailable)
rNeg     . . .     Faith    .   (helmet currently unavailable)
rPois    +         Spirit   .   (no amulet)
rElec    .         Reflect  .   q - +4 ring of strength
rCorr    .         Harm     .   n - ring of see invisible
MR       .....                  z - ring of wizardry
Stlth    +++.......             (no ring)
HPRegen  0.26/turn              (no ring)
MPRegen  0.19/turn              (no ring)
                                (no ring)
                                (no ring)

@: ice-form, marked, very slow
A: large, almost no armour, stealthy swim, amphibious, 8 rings, (constrict 8)
a: End Transformation, Bend Time, Temporal Distortion, Slouch, Step From Time,
Renounce Religion


You were on level 1 of the Lair of Beasts.
You worshipped Cheibriados.
Cheibriados was extremely pleased with you.
You were not hungry.
You were a creature of crystalline ice.
You visited 3 branches of the dungeon, and saw 14 of its levels.
You also visited: Sewer and Ossuary.

You collected 809 gold pieces.
You spent 63 gold pieces at shops.

Inventory:

Hand Weapons
 a - the +11 long sword of Ointment (melded) {protect, rElec rPois rF-}
   (You found it on level 4 of the Dungeon)

   It protects the one who uses it against injury (+AC on strike).
   It makes you vulnerable to fire.
   It insulates you from electricity.
   It protects you from poison.
 d - a +0 blowgun
 j - a +2 hunting sling of velocity
Missiles
 f - 123 sling bullets
 h - 42 poisoned needles
 r - a throwing net (quivered)
 t - 224 arrows
 A - 4 tomahawks
 F - 6 javelins
Armour
 C - a +0 buckler (melded)
Magical Staves
 u - an uncursed staff of fire
Jewellery
 n - a ring of see invisible (right front paw)
 q - a +4 ring of strength (left front paw)
 z - a ring of wizardry (on tentacle)
Wands
 l - a wand of flame (19)
 I - a wand of iceblast (9)
 L - a wand of disintegration (7)
Scrolls
 b - 2 scrolls of fear
 m - 5 scrolls of remove curse
 p - 2 scrolls of noise
 s - 5 scrolls of teleportation
 x - 3 scrolls of magic mapping
 y - a scroll of fog
 E - a scroll of vulnerability
 M - a scroll of amnesia
Potions
 e - a potion of curing
 i - 3 potions of brilliance
 w - a potion of flight
 B - 4 potions of ambrosia
 D - a potion of heal wounds
 J - a potion of magic
 K - a potion of invisibility
Miscellaneous
 g - a lightning rod (4/4)
Comestibles
 c - 27 rations


   Skills:
 + Level 6.6 Fighting
 * Level 9.8 Dodging
 - Level 3.0 Stealth
 * Level 2.6 Shields
 * Level 8.0 Unarmed Combat
 * Level 8.0 Spellcasting
 * Level 7.6 Transmutations
 - Level 4.1 Ice Magic
 - Level 1.3 Poison Magic
 * Level 4.6 Invocations
 * Level 3.1 Evocations


You had 17 spell levels left.
You knew the following spells:

 Your Spells              Type           Power        Failure   Level  Hunger
a - Beastly Appendage     Tmut           ######       1%          1    None
s - Sticks to Snakes      Tmut           ######..     1%          2    None
y - Spider Form           Tmut/Pois      #####.....   1%          3    None
Y - Ice Form              Ice/Tmut       ######..     1%          4    None

Your spell library contained the following spells:

 Spells                   Type           Power        Failure   Level  Hunger
 Blade Hands              Tmut           ######....   1%          5    ####...


Dungeon Overview and Level Annotations

Branches:
Dungeon (11/15)            Temple (1/1) D:6            Lair (2/6) D:10
    Orc (0/2) D:11
  Swamp: Lair:2-4    Shoals: Lair:2-4     Snake: Lair:2-4    Spider: Lair:2-4

Altars:
Ashenzari
Cheibriados
Dithmenos
Elyvilon
Fedhas
Gozag
Hepliaklqana
Kikubaaqudgha
Makhleb
Nemelex Xobeh
Okawaru
Qazlal
Ru
Sif Muna
Trog
Uskayaw
Vehumet
Wu Jian
Xom
Yredelemnul
Zin
The Shining One

Shops:
D:6 [   D:9 =

Annotations:
D:11 1 runed translucent door


Innate Abilities, Weirdness & Mutations

You cannot wear most types of armour.
You are very stealthy in the water. (Stealth+)
You are amphibious.
You can wear up to eight rings at the same time.
((You can use your tentacles to constrict eight enemies at once.))
((Your skin changes colour to match your surroundings (Stealth+).))
((Your rubbery body absorbs attacks. (AC +1, EV +1)))


Message History

The wolf closely misses your adder.
Your adder misses the wolf. The wolf barely misses you.
Unknown command.
You pummel the wolf!! You freeze the wolf.
You kill the wolf!
Cheibriados thoroughly appreciates the change of pace.
Your adder bites the wolf but does no damage. x2
Your adder closely misses the wolf.
You miss the wolf. The wolf bites you.
* * * LOW HITPOINT WARNING * * *
Your water moccasin barely misses the wolf.
Your adder completely misses the wolf.
Your adder misses the wolf. The wolf closely misses you.
Unknown command.
You hit the wolf. You freeze the wolf.
The wolf is moderately wounded.
Your adder bites the wolf but does no damage.
Your water moccasin barely misses the wolf.
Your adder closely misses the wolf.
The wolf bites you!
You die...

.....#..####......##
.....+.## #......#
.....### #......#
###### ####+.## ..#
##.## ..# ##..# #.#
##..### ..####
#...S.##
.....#######...#
#.....# #...[.#
##^####


You could see a wolf, a friendly water moccasin and 3 friendly adders.

Vanquished Creatures
  Harold (Lair:2)
  A two-headed ogre (D:8)
  An unseen horror (D:11)
  Pikel (D:5)
  An ugly thing (D:10)
  Joseph (D:10)
  A gargoyle (D:11)
  A spiny frog (Lair:1)
  2 komodo dragons (Lair:1)
  A hornet (D:8)
  Grinder (D:4)
  4 hippogriffs
  A spriggan (D:7)
  Sigmund (D:5)
  A wyvern (D:6)
  A wraith (D:11)
  11 yaks
  2 hungry ghosts (D:11)
  3 water moccasins
  6 porcupines (Lair:1)
  2 slaves (D:5)
  2 necrophages (D:9)
  4 ice beasts
  3 phantoms (D:8)
  2 black bears
  3 sky beasts
  2 centaurs (D:7)
  7 wolves (Lair:1)
  5 ogres
  3 crocodiles
  2 big kobolds
  A gnoll sergeant (D:9)
  4 bullfrogs
  7 scorpions
  8 killer bees
  4 howler monkeys
  3 centaur zombies
  A bullfrog zombie (D:7)
  5 crimson imps
  4 hounds
  3 jellies
  8 orc wizards
  A bullfrog skeleton (D:10)
  7 orc priests
  Crazy Yiuf (D:2)
  A gnoll shaman (D:4)
  2 iguanas
  5 worker ants
  3 big kobold zombies (Ossuary)
  2 hound skeletons
  4 mummies (Ossuary)
  A worker ant zombie (D:7)
  9 gnolls
  5 adders
  2 oozes (D:2)
  An adder zombie (D:9)
  2 adder skeletons
  2 worms
  2 dart slugs
  4 leopard geckos
  32 orcs
  10 bats
  6 giant cockroaches
  13 goblins
  A hobgoblin (D:3)
  12 jackals
  20 kobolds
  4 quokkas
  5 ball pythons
  A ball python zombie (D:5)
  6 frilled lizards
  2 hobgoblin zombies (Ossuary)
  A jackal skeleton (D:7)
  3 quokka skeletons
  10 rats
305 creatures vanquished.

Vanquished Creatures (collateral kills)
  A troll (D:9)
  2 yaks (D:11)
  A wolf (Lair:1)
  A centaur zombie (Ossuary)
  A worker ant (D:11)
  A mummy (Ossuary)
7 creatures vanquished.

Vanquished Creatures (others)
  2 fungi (Lair:1)
  A plant (Lair:1)
3 creatures vanquished.

Grand Total: 315 creatures vanquished

Notes
Turn   | Place    | Note
-------+----------+-------------------------------------------
     0 | D:1      | MordorOrchid the Octopode Transmuter began the quest for
                  | the Orb.
     0 | D:1      | Reached XP level 1. HP: 13/13 MP: 3/3
   269 | D:1      | Reached XP level 2. HP: 18/18 MP: 3/5
   273 | D:1      | Learned a level 2 spell: Sticks to Snakes
   566 | D:1      | Reached skill level 1 in Stealth
   764 | D:1      | Reached XP level 3. HP: 23/23 MP: 4/6
   772 | D:1      | Learned a level 3 spell: Spider Form
  1085 | D:2      | Found a stormy altar of Qazlal.
  1335 | D:2      | Reached XP level 4. HP: 21/28 MP: 5/7
  1468 | D:2      | Found a runed translucent door.
  1469 | D:2      | Noticed Crazy Yiuf
  1494 | D:2      | Killed Crazy Yiuf
  1674 | D:2      | Found a glowing golden altar of the Shining One.
  1752 | D:2      | Found an ornate altar of the Wu Jian Council.
  2045 | D:2      | Found a hide-covered altar of Uskayaw.
  2188 | D:3      | Reached skill level 1 in Poison Magic
  2389 | D:3      | Reached XP level 5. HP: 31/33 MP: 5/9
  2412 | D:3      | Found a glowing drain.
  2423 | Sewer    | Entered a sewer
  2487 | Sewer    | Noticed a crocodile
  2513 | Sewer    | Killed a crocodile
  3253 | D:4      | Learned a level 4 spell: Ice Form
  3310 | D:4      | Reached XP level 6. HP: 24/39 MP: 6/10
  3630 | D:4      | Reached skill level 3 in Dodging
  3808 | D:4      | Reached skill level 1 in Ice Magic
  3808 | D:4      | Reached XP level 7. HP: 36/45 MP: 7/12
  3961 | D:4      | Got a smoking long sword
  3962 | D:4      | Identified the +11 long sword of Ointment {protect, rElec
                  | rPois rF-} (You found it on level 4 of the Dungeon)
  4053 | D:4      | Noticed Grinder
  4074 | D:4      | Paralysed by Grinder for 5 turns
  4079 | D:4      | Killed Grinder
  4454 | D:5      | Entered Level 5 of the Dungeon
  4565 | D:5      | Found a sparkling altar of Nemelex Xobeh.
  4640 | D:5      | Reached XP level 8. HP: 41/50 MP: 14/14
  4811 | D:5      | Noticed Pikel
  4816 | D:5      | Killed Pikel
  4816 | D:5      | Reached skill level 4 in Dodging
  4816 | D:5      | Reached skill level 5 in Unarmed Combat
  4816 | D:5      | Reached skill level 5 in Spellcasting
  5056 | D:5      | Noticed Sigmund
  5066 | D:5      | Killed Sigmund
  5066 | D:5      | Reached skill level 5 in Transmutations
  5218 | D:6      | Found Leann's Armour Shop.
  5223 | D:6      | Bought a +0 buckler for 63 gold pieces
  5272 | D:6      | Found a staircase to the Ecumenical Temple.
  5282 | Temple   | Entered the Ecumenical Temple
  5375 | D:6      | Noticed a wyvern
  5385 | D:6      | Killed a wyvern
  5385 | D:6      | Reached skill level 5 in Dodging
  5385 | D:6      | Reached XP level 9. HP: 33/54 MP: 17/17
  5424 | D:6      | Found a stormy altar of Qazlal.
  5428 | D:6      | Found a shimmering altar of Xom.
  5428 | D:6      | Found a basalt altar of Yredelemnul.
  5433 | D:6      | Found a blossoming altar of Fedhas.
  5792 | D:6      | Found a snail-covered altar of Cheibriados.
  5795 | D:6      | Became a worshipper of Cheibriados the Contemplative
  5814 | D:6      | Found a blossoming altar of Fedhas.
  6959 | D:7      | Reached * piety under Cheibriados
  7070 | D:7      | Reached skill level 6 in Dodging
  7370 | D:8      | Noticed a two-headed ogre
  7376 | D:8      | Killed a two-headed ogre
  7376 | D:8      | Reached skill level 1 in Invocations
  7376 | D:8      | Reached XP level 10. HP: 29/63 MP: 20/20
  7524 | D:8      | Reached skill level 7 in Dodging
  7561 | D:8      | Reached ** piety under Cheibriados
  7568 | D:8      | Found a sand-covered staircase.
  7576 | Ossuary  | Entered an ossuary
  8121 | D:9      | Found Nouh's Jewellery Shoppe.
  8528 | D:9      | Reached *** piety under Cheibriados
  8696 | D:9      | Found a bloodstained altar of Trog.
  9095 | D:9      | Reached skill level 5 in Fighting
  9121 | D:9      | Reached **** piety under Cheibriados
  9153 | D:9      | Found a burning altar of Makhleb.
  9242 | D:10     | Entered Level 10 of the Dungeon
  9245 | D:10     | Noticed Joseph
  9250 | D:10     | Noticed a cyan ugly thing
  9262 | D:10     | Killed Joseph
  9277 | D:10     | Killed a white ugly thing
  9277 | D:10     | Reached skill level 8 in Dodging
  9277 | D:10     | Reached XP level 11. HP: 72/72 MP: 20/22
  9304 | D:10     | Found an opulent altar of Gozag.
  9348 | D:10     | Found a staircase to the Lair.
 10209 | D:11     | Noticed an unseen horror
 10227 | D:11     | Killed an unseen horror
 10352 | D:11     | Reached skill level 1 in Evocations
 10365 | D:11     | Reached skill level 1 in Shields
 10444 | D:11     | Reached skill level 9 in Dodging
 10482 | D:11     | Reached ***** piety under Cheibriados
 10494 | D:11     | Found a staircase to the Orcish Mines.
 10529 | D:11     | Found a runed translucent door.
 10529 | D:11     | Noticed a yaktaur captain
 10529 | D:11     | Noticed a sphinx
 10529 | D:11     | Noticed a two-headed ogre
 10530 | D:11     | Found the +9 staff of Olgreb {rPois}
 10531 | D:11     | Noticed a tengu reaver
 10531 | D:11     | Noticed an ettin
 10531 | D:11     | Noticed a fire giant
 10531 | D:11     | Noticed an ettin
 10531 | D:11     | Noticed an ettin
 10532 | D:11     | Identified the +8 demon whip "Hiuck" {drain, +Blink rF+
                  | Str+2 Dex-3}
 10924 | D:11     | Noticed a dire elephant
 10924 | D:11     | Noticed a frost giant
 10924 | D:11     | a dire elephant changed into a frost giant
 11011 | Lair:1   | Entered Level 1 of the Lair of Beasts
 11734 | Lair:1   | Reached XP level 12. HP: 80/80 MP: 23/23
 11926 | Lair:2   | Noticed Harold
 11936 | Lair:2   | Killed Harold
 11970 | Lair:1   | HP: 4/96 [wolf (5)]
 11971 | Lair:1   | Slain by a wolf

Skill      XL: |  1  2  3  4  5  6  7  8  9 10 11 12 |
---------------+-------------------------------------+-----
Stealth        | 1 2 3 |  3.0
Poison Magic   | 1 |  1.3
Spellcasting   | 3 4 5 6 7 8 |  8.0
Transmutations | 3 4 5 6 7 |  7.6
Fighting       | 2 3 5 6 |  6.6
Dodging        | 3 5 6 8 9 |  9.8
Unarmed Combat | 4 5 6 7 8 |  8.0
Ice Magic      | 1 2 3 4 |  4.1
Invocations    | 1 3 4 |  4.6
Evocations     | 2 3 |  3.1
Shields        | 2 |  2.6

Action                   |  1- 3 |  4- 6 |  7- 9 | 10-12 || total
-------------------------+-------+-------+-------+-------++-------
Melee: Unarmed           |    86 |   121 |     8 |    70 ||   285
       Kick              |    17 |    13 |       |       ||    30
       Club              |     2 |       |       |       ||     2
       Constrict         |    21 |    13 |    38 |    52 ||   124
       Tentacles         |     6 |     8 |    41 |    92 ||   147
       Punch             |     1 |     1 |     4 |    26 ||    32
       Long sword        |       |       |   151 |   224 ||   375
 Fire: Hunting sling     |       |     6 |     2 |     9 ||    17
 Cast: Beastly Appendage |    23 |    18 |     1 |       ||    42
       Spider Form       |       |    14 |       |       ||    14
       Sticks to Snakes  |       |     2 |     5 |    11 ||    18
       Ice Form          |       |       |     2 |     6 ||     8
Evoke: Wand              |       |       |       |     2 ||     2
  Use: Potion            |       |     3 |     1 |     3 ||     7
       Scroll            |       |     3 |     6 |    16 ||    25
 Stab: Sleeping          |     7 |     6 |    12 |    15 ||    40
       Invisible         |       |     1 |       |     5 ||     6
       Distracted        |       |       |     1 |     6 ||     7
  Eat: Chunk             |     2 |     9 |    12 |    10 ||    33
Armor: Skin              |    11 |     7 |    30 |    42 ||    90
Dodge: Dodged            |    57 |    82 |   111 |   296 ||   546
Block: Buckler           |       |       |    18 |    56 ||    74
       Rpst.: Long sword |       |       |    31 |    59 ||    90
